 Dungeon Crawl Stone Soup version 0.20.2-3-g29329e0561 (webtiles) character file.

2562 Alfie the Slicer (level 9, -6/78 HPs)
             Began as a Hill Orc Fighter on July 5, 2023.
             Killed from afar by an electric eel (11 damage)
             ... with a bolt of electricity
             ... on level 9 of the Dungeon on July 6, 2023.
             The game lasted 00:18:49 (6611 turns).

Alfie the Slicer (Hill Orc Fighter)                 Turns: 6611, Time: 00:18:50

Health: -6/78      AC: 12    Str: 27    XL:     9   Next: 56%
Magic:  9/9        EV: 14    Int:  8    God:
Gold:   204        SH: 11    Dex: 10    Spells: 8/8 levels left

rFire    . . .     SeeInvis .   t - +2 rapier (speed)
rCold    . . .     Gourm    .   c - +0 shield
rNeg     . . .     Faith    .   b - +0 scale mail
rPois    .         Spirit   .   k - +0 helmet
rElec    .         Reflect  .   J - +2 cloak {+Inv}
rCorr    .         Harm     .   (no gloves)
MR       .....                  (no boots)
Stlth    ..........             (no amulet)
Regen    0.3/turn               i - +5 ring of evasion
MPRegen  0.2/turn               (no ring)

@: mighty
A: no striking features
a: Evoke Invisibility


You were on level 9 of the Dungeon.
You were not hungry.

You visited 1 branch of the dungeon, and saw 9 of its levels.

You collected 526 gold pieces.
You spent 322 gold pieces at shops.

Inventory:

Hand Weapons
 e - a +0 dagger
 t - a +2 rapier of speed (weapon)
Missiles
 l - a tomahawk of returning (quivered)
 G - 2 tomahawks
Armour
 b - a +0 scale mail (worn)
 c - a +0 shield (worn)
 k - a +0 helmet (worn)
 J - a +2 cloak of invisibility (worn)
Jewellery
 a - an uncursed ring of wizardry
 i - a +5 ring of evasion (left hand)
 x - an uncursed ring of resist corrosion
Wands
 q - a wand of random effects (18/48)
 y - a wand of paralysis (9/24)
 E - a wand of paralysis (14/24)
 F - a wand of iceblast (7/15)
Scrolls
 r - 2 scrolls of teleportation
 A - a scroll of recharging
 B - a scroll of identify
 I - a scroll of remove curse
Potions
 g - 2 potions of agility {unknown}
 h - 3 potions of heal wounds
 j - a potion of degeneration {unknown}
 m - a potion of lignification {unknown}
 p - a potion of haste {unknown}
 s - 2 potions of resistance
 u - a potion of flight {unknown}
 v - a potion of invisibility {unknown}
 w - a potion of magic {unknown}
 z - a potion of curing {unknown}
 D - a potion of brilliance {unknown}
 K - a potion of berserk rage {unknown}
Books
 C - a book of Misfortune

   Spells                             Type                      Level
   a - Confusing Touch                Hexes                        1
   b - Confuse                        Hexes                        3
   c - Gell's Gravitas                Translocation                3
   d - Petrify                        Transmutation/Earth          4
   e - Metabolic Englaciation         Hexes/Ice                    5
   f - Yara's Violent Unravelling     Hexes/Transmutation          5
Comestibles
 f - 6 bread rations
 n - 3 royal jellies
 o - 2 meat rations
 H - a fruit


   Skills:
 + Level 6.6 Fighting
 + Level 8.0 Short Blades
 + Level 0.8 Throwing
 + Level 6.6 Armour
 + Level 2.6 Dodging
 + Level 1.3 Stealth
 + Level 7.1 Shields


You had 8 spell levels left.
You didn't know any spells.

Dungeon Overview and Level Annotations

Branches:
Dungeon (9/15)             Temple (0/1) D:4
   Lair: D:8-11         Orc: D:9-12

Altars:
Elyvilon
Fedhas
Qazlal
Ru
Trog
Vehumet
Yredelemnul

Shops:
D:6 *   D:8 *


Message History

The killer bee zombie is moderately damaged.
You puncture the killer bee zombie!
The killer bee zombie is severely damaged.
The killer bee zombie barely misses you.
You barely miss the killer bee zombie.
The killer bee zombie is severely damaged.
You block the killer bee zombie's attack.
You impale the killer bee zombie!!
You destroy the killer bee zombie!
You see here a sky beast corpse.
The electric eel shoots out a bolt of lightning at you!
The bolt of electricity misses you.
The electric eel shoots out a bolt of lightning at you!
The bolt of electricity hits you!
* * * LOW HITPOINT WARNING * * *
The bolt of electricity hits you!
* * * LOW HITPOINT WARNING * * *
The electric eel shoots out a bolt of lightning at you!
The bolt of electricity misses you. The bolt of electricity hits you!
You die...

>..####.
..≈≈≈≈≈≈≈
........
#..≈≈≈≈≈≈#
...#### .≈≈≈≈≈≈#
...###.. ...
#/≈≈≈≈≈# .......#
#.# #.≈≈≈≈#
.####### #.#
#.≈≈≈≈# ## #.#
#.≈≈≈# #.# #...≈#
#.###(.@;#
#.#.†..###
##########.#.####
...##........#
##....####.###
...#.........
##########.#...
>.# ..##.## #..#
..# .#


You could see an electric eel.

Vanquished Creatures
  A troll (D:9)
  2 wyverns (D:8)
  A spriggan (D:7)
  A sky beast (D:9)
  6 ogres
  4 centaurs
  A gnoll sergeant (D:5)
  A bullfrog (D:8)
  A scorpion (D:8)
  A howler monkey (D:5)
  A centaur zombie (D:6)
  A crimson imp (D:8)
  A bullfrog skeleton (D:5)
  A jelly (D:8)
  2 hounds (D:8)
  A centaur skeleton (D:5)
  2 iguanas
  2 orc wizards
  Natasha (twice) (D:2)
  5 worker ants
  Ijyb (D:5)
  A killer bee zombie (D:9)
  Robin (D:2)
  8 gnolls
  4 adders
  A howler monkey skeleton (D:6)
  A shadow imp (D:5)
  A worm (D:5)
  2 dart slugs (D:2)
  4 leopard geckos
  14 orcs
  12 bats
  2 giant cockroaches
  18 goblins
  7 hobgoblins
  14 jackals
  A quokka (D:3)
  A ball python skeleton (D:4)
  3 frilled lizards (D:1)
  A jackal skeleton (D:8)
  7 kobolds
  A rat (D:1)
142 creatures vanquished.

Vanquished Creatures (others)
  An adder (D:9)
1 creature vanquished.

Grand Total: 143 creatures vanquished

Notes
Turn   | Place    | Note
-------+----------+-------------------------------------------
     0 | D:1      | Alfie the Hill Orc Fighter began the quest for the Orb.
     0 | D:1      | Reached XP level 1. HP: 19/19 MP: 1/1
   470 | D:1      | Reached XP level 2. HP: 20/27 MP: 2/2
   988 | D:2      | Noticed Robin
   991 | D:2      | Reached XP level 3. HP: 33/33 MP: 3/3
  1030 | D:2      | Killed Robin
  1148 | D:2      | Noticed Natasha
  1160 | D:2      | Killed Natasha
  1160 | D:2      | Reached XP level 4. HP: 13/40 MP: 4/4
  1284 | D:2      | Found a bloodstained altar of Trog.
  1308 | D:2      | Noticed Natasha
  1345 | D:2      | Killed Natasha
  1345 | D:2      | Reached skill level 3 in Short Blades
  1621 | D:2      | Reached XP level 5. HP: 46/46 MP: 5/5
  1801 | D:2      | Found a blossoming altar of Fedhas.
  2132 | D:3      | Reached skill level 1 in Dodging
  2341 | D:3      | Found a sacrificial altar of Ru.
  2893 | D:4      | Noticed an ogre
  2905 | D:4      | Killed an ogre
  2905 | D:4      | Reached skill level 5 in Shields
  2905 | D:4      | Reached XP level 6. HP: 52/52 MP: 6/6
  3250 | D:4      | Found a staircase to the Ecumenical Temple.
  3402 | D:4      | Found a stormy altar of Qazlal.
  3484 | D:5      | Entered Level 5 of the Dungeon
  3582 | D:5      | Noticed Ijyb
  3599 | D:5      | Reached skill level 4 in Short Blades
  3608 | D:5      | Paralysed by Ijyb for 3 turns
  3616 | D:5      | Paralysed by Ijyb for 6 turns
  3728 | D:5      | Reached XP level 7. HP: 52/60 MP: 7/7
  3765 | D:5      | Paralysed by Ijyb for 6 turns
  3793 | D:5      | Killed Ijyb
  4329 | D:6      | Found a white marble altar of Elyvilon.
  4407 | D:6      | Found Nerompuh's Assorted Antiques.
  4411 | D:6      | Bought a scroll of identify for 56 gold pieces
  4411 | D:6      | Bought a scroll of identify for 56 gold pieces
  4456 | D:6      | Reached skill level 5 in Armour
  4479 | D:6      | Reached skill level 5 in Short Blades
  4666 | D:6      | Found a radiant altar of Vehumet.
  4702 | D:6      | Reached XP level 8. HP: 55/67 MP: 8/8
  4802 | D:6      | Found a basalt altar of Yredelemnul.
  5209 | D:7      | Found a sacrificial altar of Ru.
  5258 | D:7      | Reached skill level 5 in Fighting
  5609 | D:7      | Noticed a spriggan baker
  5616 | D:7      | Killed a spriggan baker
  5616 | D:7      | Reached skill level 6 in Short Blades
  5980 | D:8      | Reached XP level 9. HP: 75/75 MP: 9/9
  6008 | D:8      | Reached skill level 7 in Short Blades
  6230 | D:8      | Found Gajoskoh's Assorted Antiques.
  6233 | D:8      | Bought a runed cloak for 210 gold pieces
  6284 | D:8      | Reached skill level 1 in Stealth
  6501 | D:9      | Noticed a troll
  6512 | D:9      | Killed a troll
  6601 | D:9      | Reached skill level 8 in Short Blades
  6611 | D:9      | Killed from afar by an electric eel

Skill      XL: |  1  2  3  4  5  6  7  8  9 |
---------------+----------------------------+-----
Fighting       | 4 5 6 |  6.6
Armour         | 4 5 6 |  6.6
Shields        | 4 5 6 7 |  7.1
Short Blades   | 3 4 5 6 8 |  8.0
Dodging        | 1 2 |  2.6
Stealth        | 1 |  1.3
Throwing       | |  0.8

Action                   |  1- 3 |  4- 6 |  7- 9 || total
-------------------------+-------+-------+-------++-------
Melee: Rapier            |   109 |   239 |   287 ||   635
Throw: Tomahawk          |       |     2 |     7 ||     9
  Use: Scroll            |     3 |     6 |    10 ||    19
       Potion            |       |       |     3 ||     3
  Eat: Fruit             |     1 |     2 |     2 ||     5
       Royal jelly       |       |     1 |       ||     1
       Bread ration      |       |     1 |     2 ||     3
Armor: Scale mail        |    51 |    80 |    54 ||   185
Dodge: Dodged            |    39 |   110 |    81 ||   230
Block: Shield            |    68 |   128 |    94 ||   290
